AoeStats
← Lelouch9640

Arabia

509904783Analyzed
1v1 RM · 2d ago on Sep 28, 2026· 27m 50s· 2 players
Game mode
Random Map
Map size
Tiny (2 player)
Population
200
Speed
Normal
Resources
Standard
Victory
Conquest
Starting age
Dark Age
Ending age
Imperial Age
RankedLock teamsTeams togetherTeam positionsShared explorationLock speedFull tech treeHidden civsTurbo modeCheats
Victory
Defeat
🇩🇪 Britons · Germany
1361
+15
🇫🇷 Mongols · France
1344
-15
Lelouch9640
4:46 Loom
6:24 Loom
8:49 Feudal Age
14:16 Double-Bit Axe
21:09 Castle Age
21:52 Fletching
22:20 Forging
LuMa
7:21 Loom
9:42 Feudal Age
10:27 Double-Bit Axe
10:43 Man-at-Arms
12:04 Horse Collar
13:59 Fletching
14:27 Town Watch
15:24 Wheelbarrow
17:57 Town Watch
22:12 Castle Age
22:27 Crossbowman
23:19 Bodkin Arrow
28:02 Ballistics
Connection lost

Rejoining the realm…

Still unreachable

The connection could not be restored.

Session expired

The server has moved on; the page needs a fresh start.